woodfighter, lawful female dwarven Priestess -------- `###...(...| |......| #.......| ------------- ------------ #|......| ----- |`..%......`-#####...........| #|......| ....| |.....`.....|# # |..........| #-------- |..)| |...-----...|# ##..........<.# #### ....| |...|.{..%..|# |..........|# # |%a@.##### |..`|{.{|`..|# ------------# # |...| # |...|.{.|...|# # -----# ----- ##....-----...|# ###########....|# |.....`.....|# # |...|# |`.........`|# ##.....# -------------# |...| ###### ----- woodfighter the Acolyte Experience level: 5 Strength: 11 Dexterity: 12 Constitution: 12 Intelligence: 17 Wisdom: 15 Charisma: 9 Health: 0(42) Energy: 10(10) Def: 4 Gold: 447 Moves: 3046 Dungeon seed: OiSpDxfTcRjWxb-y Game ID: woodfighter_1553445598 Your Inventory: Coins $ - 447 gold pieces Weapons a - a blessed +1 mace (weapon in hand) Armor e - a +0 robe (being worn) n - a +0 small shield (being worn) D - a blessed +0 orcish helm (being worn) Comestibles d - a sprig of wolfsbane B - a fortune cookie C - a cram ration E - a food ration Scrolls j - 2 scrolls of teleportation m - a scroll of confuse monster o - 3 scrolls of scare monster s - a scroll of scare monster v - a scroll of identify F - a scroll of light Spellbooks g - a spellbook of detect food h - a spellbook of detect unseen k - a spellbook of healing Potions b - 4 potions of holy water p - a potion of object detection u - a potion of booze G - a blessed potion of hallucination H - 2 potions of hallucination Wands f - a wand of cancellation (0:1) q - a cursed wand of secret door detection (0:11) Tools i - a magic marker (0:66) y - a lock pick Gems r - a worthless piece of violet glass Spells and supernatural/magical abilities: Name Level Category Fail Memory E - detect food 2 divination 55% 85% U - detect unseen 3 divination 90% 85% W - pray for help -- divine ? -- X - turn undead -- divine ? -- Your skills at the end: Miscellaneous Skills shield [Basic] wands [Basic] Weapon Skills pick-axe [Basic] mace [Basic] Spellcasting Skills clerical spells [Basic] Final Attributes: You were fervently aligned. You had infravision. You are dead. Vanquished creatures: a housecat a baby crocodile a wood nymph a shrieker 2 puppies a floating eye a kitten a homunculus a quasit 9 hill orcs a wererat a coyote an acid blob a large kobold 3 geckos 2 giant rats 2 cave spiders a brown mold 2 garter snakes 9 manes 4 jackals 2 foxes a kobold 8 newts a goblin 2 sewer rats 9 grid bugs 2 lichens a kobold zombie 72 creatures vanquished. Voluntary challenges: You did not adorn yourself with jewelry or accessories. You did not cause conflict. You did not have reflection. You were not displaced. You had been an atheist until turn 2361. You used a wielded weapon 95 times, starting on turn 1. You did not use tools. You did not use plumbed fixtures. You did not drink any magical draughts. You read items or engraved 1 time, starting on turn 1079. You never genocided any monsters. You never polymorphed an object. You never changed form. You used no wishes. You never split a pudding. You never wrote Elbereth's name. You never violated your personal moral code. Dungeon overview: The Dungeons of Doom: levels 1 to 6 Level 1 a long staircase Level 2 a fountain stairs to The Gnomish Mines Level 3 (box) Level 4 (boxes) an armor shop, some fountains Level 5 a fountain, a sink Level 6 <- You were here many fountains The Gnomish Mines: Level 3 stairs to The Dungeons of Doom History has recorded: On T:1 you entered the Dungeons of Doom to retrieve the Amulet of Yendor! On T:202 you reached level 2 of The Dungeons of Doom. On T:301 you reached level 1 of The Gnomish Mines. On T:697 you advanced to experience level 2. On T:707 you reached level 3 of The Dungeons of Doom. On T:1208 you reached level 4 of The Dungeons of Doom. On T:1511 you reached level 5 of The Dungeons of Doom. On T:1526 you advanced to experience level 3. On T:2305 you advanced to experience level 4. On T:2361 you prayed to Shan Lai Ching. On T:2379 you advanced to experience level 5. On T:2626 you reached level 6 of The Dungeons of Doom. On T:2955 you prayed to Shan Lai Ching. Score breakdown: Gold: 447 ( 44 points) Experience: 5 levels ( 400 points) Exploration: 6 levels ( 150 points) Discoveries: 13 items ( 650 points) Variety of kills: 29 monsters ( 1450 points) Major goal: (nothing yet) ( 0 points) Survival: died (score multiplied by 3) Total score: 8082 Latest messages: You see here a statue of a forest centaur. You see here a statue of a plains centaur. H - a potion called hallu. You see here a statue of a mountain centaur. You see here a statue of a plains centaur. You hear the splashing of a naiad. You see here a statue of a forest centaur. You hit the baby crocodile! The baby crocodile bites! You hit the baby crocodile! The gecko bites! You kill the baby crocodile! You hit the gecko. The gecko bites! You kill the gecko! You see here a gecko corpse. This gecko corpse tastes terrible! You finish eating the gecko corpse. You stop exploring. You hit the giant beetle! You hit the giant beetle. The giant beetle bites! You hit the giant beetle! The giant beetle bites! You die... Final status: Goodbye woodfighter the Priestess, killed by a giant beetle... You died in The Dungeons of Doom on dungeon level 6 with 8082 points, and 447 pieces of gold, after 3046 moves. You were level 5 with a maximum of 42 hit points when you died.